 Dungeon Crawl Stone Soup version 0.24.0-2-g5b39cebb1c (webtiles) character file.

Game seed: 9087585960489732253, levelgen mode: deterministic

60 Mrkan the Chopper (level 4, -1/40 HPs)
             Began as a Hill Orc Monk on Oct 29, 2019.
             Slain by a scorpion (5 damage)
             ... on level 3 of the Dungeon.
             The game lasted 00:02:13 (1751 turns).

Mrkan the Chopper (Hill Orc Monk)                   Turns: 1751, Time: 00:02:13

Health: -1/40      AC:  8    Str: 14    XL:     4   Next: 4%
Magic:  4/4        EV:  7    Int: 10    God:
Gold:   109        SH:  0    Dex: 13    Spells: 3/3 levels left

rFire    . . .     SeeInvis .   a - +0 hand axe
rCold    . . .     Gourm    .   (no shield)
rNeg     . . .     Faith    .   h - +0 chain mail
rPois    .         Spirit   .   (no helmet)
rElec    .         Reflect  .   (no cloak)
rCorr    .         Harm     .   (no gloves)
MR       .....                  (no boots)
Stlth    ..........             (no amulet)
HPRegen  0.13/turn              (no ring)
MPRegen  0.09/turn              (no ring)

@: lethally poisoned (-1 -> -5)
A: no striking features
a: no special abilities


You were on level 3 of the Dungeon.
You were not hungry.

You visited 1 branch of the dungeon, and saw 3 of its levels.

You collected 109 gold pieces.

Inventory:

Hand Weapons
 a - a +0 hand axe (weapon)
Armour
 h - a +0 chain mail (worn)
Scrolls
 b - 2 scrolls of remove curse {unknown}
 e - 3 scrolls of identify {unknown}
 f - a scroll of blinking {unknown}
 i - a scroll of enchant armour {unknown}
 j - 2 scrolls of teleportation {unknown}
 l - a scroll of fog {unknown}
Potions
 d - a potion of cancellation {unknown}
 g - a potion of ambrosia {unknown}
 k - 2 potions of haste {unknown}
 n - a potion of agility {unknown}
Comestibles
 c - 5 rations
 m - 2 chunks of flesh


   Skills:
 + Level 4.1 Fighting
 * Level 5.1 Axes
 + Level 1.4 Armour
 + Level 2.8 Dodging
 - Level 1.5 Stealth


You had 3 spell levels left.
You didn't know any spells.
Your spell library contained the following spells:

 Spells                   Type           Power        Failure   Level  Hunger
 Shock                    Conj/Air       #...         100%        1    ##.....
 Swiftness                Chrm/Air       #.......     100%        2    ###....
 Static Discharge         Conj/Air       #.......     100%        3    ####...
 Airstrike                Air            #.........   100%        4    #####..
 Lightning Bolt           Conj/Air       #.........   100%        5    ######.


Dungeon Overview and Level Annotations

Branches:
Dungeon (3/15)

Altars:
Yredelemnul


Message History

Unknown command.
Your chain mail prevents you from hitting the scorpion.
The scorpion is severely wounded.
You feel sick. The scorpion stings you.
* * * LOW HITPOINT WARNING * * *
Unknown command.
You hit the scorpion but do no damage.
The scorpion is severely wounded.
The scorpion closely misses you.
Unknown command.
You hit the scorpion.
The scorpion is almost dead.
* * * LOW HITPOINT WARNING * * *
You feel sick. The scorpion completely misses you.
Unknown command.
You hit the scorpion but do no damage.
The scorpion is almost dead.
* * * LOW HITPOINT WARNING * * *
You feel sick. The scorpion stings you.
You die...

#...#
....
#..#
#..
#.#
#r#
#h#
#s#
#@#
#.#
..#
#.##
#. #.
#. #.


You could see a scorpion, a jackal and a rat.

Vanquished Creatures
  An adder (D:2)
  A worm (D:2)
  4 leopard geckos
  4 bats
  4 giant cockroaches
  7 hobgoblins
  3 jackals (D:3)
  4 kobolds (D:1)
  A quokka (D:2)
  2 ball pythons (D:2)
  A frilled lizard (D:1)
  3 goblins
  3 rats
38 creatures vanquished.

Notes
Turn   | Place    | Note
-------+----------+-------------------------------------------
     0 | D:1      | Mrkan the Hill Orc Monk began the quest for the Orb.
     0 | D:1      | Reached XP level 1. HP: 19/19 MP: 1/1
   147 | D:1      | Reached XP level 2. HP: 22/27 MP: 2/2
  1054 | D:2      | Reached skill level 1 in Armour
  1058 | D:2      | Reached XP level 3. HP: 30/33 MP: 3/3
  1472 | D:2      | Reached skill level 5 in Axes
  1647 | D:2      | Found a basalt altar of Yredelemnul.
  1717 | D:3      | Noticed a scorpion
  1726 | D:3      | Reached XP level 4. HP: 39/40 MP: 4/4
  1751 | D:3      | Slain by a scorpion

Levels and vault maps discovered:
D:1:      ebering_trefoil_twist, layout_basic, minivault_5
D:2:      layout_loops_ring, corexii_leaking_fountain, yredelemnul_altar_generic
D:3:      wad_woods_stonehenge, layout_loops_ring, first_ration

Skill      XL: |  1  2  3 |
---------------+----------+-----
Armour         | 1 |  1.4
Fighting       | 4 |  4.1
Axes           | 5 |  5.1
Dodging        | |  2.8
Stealth        | |  1.5

Action                   |  1- 3 |  4- 6 || total
-------------------------+-------+-------++-------
Melee: Hand axe          |   137 |    25 ||   162
  Eat: Chunk             |     3 |       ||     3
Armor: Scale mail        |    13 |       ||    13
       Chain mail        |    49 |     8 ||    57
Dodge: Dodged            |    52 |     9 ||    61
